 Dungeon Crawl Stone Soup version 0.32-a0-520-g344ed53f66 (webtiles) character file.

Game seed: 13295520477710182220

993 zenocrate the Spear-Bearer (level 7, -3/57 HPs)
             Began as a Minotaur Chaos Knight on Feb 27, 2024.
             Was a Plaything of Xom.
             Succumbed to a killer bee's poison
             ... on level 6 of the Dungeon on Feb 28, 2024.
             The game lasted 00:09:05 (4812 turns).

zenocrate the Spear-Bearer (Minotaur Chaos Knight)  Turns: 4812, Time: 00:09:06

Health: -3/57      AC:  2    Str: 19    XL:     7   Next: 98%
Magic:  6/6        EV: 11    Int:  9    God:    Xom [..*...]
Gold:   339        SH:  0    Dex:  9    Spells: 4/6 levels left

rFire   . . .        b - +0 trident
rCold   . . .        (no shield)
rNeg    . . .        h - +2 leather armour
rPois   .            (helmet restricted)
rElec   .            v - +0 cloak
rCorr   .            (no gloves)
SInv    .            (no boots)
Will    +....        r - amulet of magic regeneration
Stlth   +            g - ring of willpower
HPRegen 0.29/turn    (no ring)
MPRegen 0.50/turn

%: no passive effects
@: lethally poisoned (-3 -> -21), about to teleport, corroded, hasted, very
quick
A: horns 2, retaliatory headbutt
a: Renounce Religion


You were on level 6 of the Dungeon.
You worshipped Xom.
You were a toy of Xom.
You visited 2 branches of the dungeon, and saw 7 of its levels.

You collected 339 gold pieces.

Inventory:

Hand Weapons
 a - a +0 spear of chaos
 b - a +0 trident (weapon)
Missiles
 c - 5 javelins
 k - 5 poisoned darts (quivered)
Armour
 h - a +2 leather armour (worn)
 v - a +0 cloak (worn)
Jewellery
 g - a ring of willpower (left hand)
 r - an amulet of magic regeneration (around neck)
Wands
 p - a wand of warping (7)
 y - a wand of flame (17)
Scrolls
 e - 3 scrolls of teleportation
 f - 2 scrolls of revelation {unknown}
 j - a scroll of poison {unknown}
 m - a scroll of brand weapon {unknown}
 n - 2 scrolls of amnesia
 q - 4 scrolls of vulnerability
 s - a scroll of summoning {unknown}
 u - 3 scrolls of enchant weapon {unknown}
 w - a scroll of enchant armour {unknown}
 A - a scroll of fear {unknown}
Potions
 d - a potion of cancellation
 i - 2 potions of attraction
 o - a potion of magic {unknown}
 t - a potion of enlightenment {unknown}
 x - a potion of degeneration {unknown}
 z - a potion of ambrosia {unknown}


   Skills:
 - Level 3.6 Fighting
 + Level 10.4 Polearms
 - Level 2.4 Armour
 - Level 1.1 Dodging
 + Level 3.7 Evocations


You had 4 spell levels left.
You knew the following spells:

 Your Spells              Type           Power      Damage    Failure   Level
x - Blink                 Tloc           0%         N/A       58%         2

Your spell library contained the following spells:

 Spells                   Type           Power      Damage    Failure   Level
 Kiss of Death            Conj/Necr      0%         2d5       43%         1
 Magic Dart               Conj           0%         1d3       43%         1
 Call Imp                 Summ           0%         N/A       58%         2
 Confusing Touch          Hex            0%         N/A       82%         3
 Fugue of the Fallen      Necr           0%         N/A       82%         3
 Ozocubu's Armour         Ice            0%         N/A       82%         3
 Dispel Undead            Necr           0%         3d6       99%         4
 Manifold Assault         Tloc           0%         N/A       99%         4


Dungeon Overview and Level Annotations

Branches:
Dungeon (6/15)             Temple (1/1) D:6

Altars:
Ashenzari
Dithmenos
Elyvilon
Gozag
Hepliaklqana
Kikubaaqudgha
Makhleb
Nemelex Xobeh
Okawaru
Qazlal
Ru
Trog
Uskayaw
Vehumet
Wu Jian
Xom
Zin
The Shining One

Shops:
D:6 (


Innate Abilities, Weirdness & Mutations

You have a pair of horns on your head.
You reflexively headbutt those who attack you in melee.


Message History

Aiming: Warp Space
Press: ? - help, Shift-Dir - straight line, f/p - killer bee
Aim: a killer bee (severely wounded)
Okay, then.
Unknown command.
Aiming: Warp Space
Press: ? - help, Shift-Dir - straight line, f - killer bee, p - killer bee
Aim: a killer bee Space twists violently!
The rupture engulfs the killer bee!
The killer bee blinks!
You feel a bit more experienced.
The rupture engulfs the killer bee!
The killer bee blinks!
You feel a bit more experienced.
The rupture engulfs the killer bee!
The killer bee is almost dead.
The rupture engulfs the killer bee!
The killer bee blinks!
The rupture engulfs you!
You blink.
A jelly comes into view.
Found 5 poisoned darts and a killer bee corpse.
Xom thinks this is hilarious!
The jelly quivers.
You feel very sick. The killer bee stings you.
You are lethally poisoned!
The killer bee poisons you!
Unknown command.
Okay, then.
Okay, then.
As you read the scroll of teleportation, it crumbles to dust.
You feel strangely unstable.
* * * LOW HITPOINT WARNING * * *
You feel very sick. The killer bee stings you.
* * * LOW HITPOINT WARNING * * *
The killer bee stings you.
* * * LOW HITPOINT WARNING * * *
The jelly hits you.
* * * LOW HITPOINT WARNING * * *
The acid corrodes you!
You are splashed with acid!
* * * LOW HITPOINT WARNING * * *
You die...
Xom is highly amused!

#####)###### #.)[....#
#.......# #.......#
#..##...##
#..#).)..### #######
#...........
#.....#####.....∩...##
+....@§§..............
#....y########....÷#..
#..yJ(# ##...##..
#.....# ###.....
#.....# #...(. #.#
#...†.# #..... #.#.#
#.....# #..... #.#.#
#.....# #(.... #.#.#
#.....# #.#.##


You could see a jelly and 2 killer bees.

Vanquished Creatures
  2 ice beasts (D:6)
  4 scorpions
  2 killer bees (D:6)
  2 jellies
  2 gnoll boudas (D:6)
  2 hounds
  3 iguanas
  Robin (D:4)
  3 adders
  10 gnolls
  A white imp (D:6)
  5 ribbon worms
  4 orcs
  7 ball pythons
  5 bats
  3 endoplasms
  2 giant cockroaches
  10 goblins
  6 hobgoblins
  6 jackals (D:1)
  A quokka (D:4)
  4 frilled lizards
  5 kobolds
  4 rats
94 creatures vanquished.

Notes
Turn   | Place    | Note
-------+----------+-------------------------------------------
     0 | D:1      | zenocrate the Minotaur Chaos Knight began the quest for the
                  | Orb.
     0 | D:1      | Reached XP level 1. HP: 19/19 MP: 0/0
    22 | D:1      | You fall into a shaft and drop 1 floor!
    48 | D:1      | Reached skill level 4 in Polearms
    91 | D:1      | Reached XP level 2. HP: 26/26 MP: 1/1
   263 | D:1      | Found a faded altar of an unknown god.
   613 | D:2      | XOM: cloud trail
   640 | D:2      | Reached skill level 5 in Polearms
   655 | D:2      | Reached XP level 3. HP: 31/31 MP: 2/2
   687 | D:2      | XOM: silly message
   906 | D:2      | XOM: cloud trail
   976 | D:2      | XOM: silly message
  1128 | D:2      | XOM: silly message
  1368 | D:3      | Reached skill level 6 in Polearms
  1368 | D:3      | Reached XP level 4. HP: 28/39 MP: 3/3
  1535 | D:3      | XOM: butterfly on damage
  1537 | D:3      | Reached XP level 5. HP: 16/45 MP: 4/4
  1750 | D:3      | Reached skill level 7 in Polearms
  1935 | D:3      | XOM is BORED!
  1935 | D:3      | XOM: silly message
  2294 | D:4      | Noticed Robin
  2314 | D:4      | Killed Robin
  2454 | D:4      | Reached skill level 8 in Polearms
  2460 | D:4      | HP: 2/45 [poisoned by a scorpion]
  2469 | D:4      | XOM is BORED!
  2469 | D:4      | XOM: silly message
  3007 | D:4      | Reached XP level 6. HP: 42/51 MP: 5/5
  3302 | D:4      | Learned a level 2 spell: Blink
  3336 | D:5      | Entered Level 5 of the Dungeon
  3401 | D:5      | Reached skill level 9 in Polearms
  3407 | D:5      | XOM: silly message
  3528 | D:5      | Reached skill level 1 in Evocations
  3671 | D:5      | Identified the +8 sling of Equivalence {flame, *Slow Int+7}
  3751 | D:5      | Reached XP level 7. HP: 54/57 MP: 6/6
  3899 | D:6      | XOM is BORED!
  3899 | D:6      | XOM: silly message
  3917 | D:6      | Found Ibabexih's Weapon Emporium.
  4077 | D:6      | XOM: silly message
  4230 | D:6      | Reached skill level 10 in Polearms
  4294 | D:6      | XOM: silly message
  4446 | D:6      | XOM: potion effect (haste)
  4447 | D:6      | XOM: divination: detect items
  4606 | D:6      | Found a staircase to the Ecumenical Temple.
  4616 | Temple   | Entered the Ecumenical Temple
  4811 | D:6      | HP: 1/57 [acid (7)]
  4812 | D:6      | Succumbed to a killer bee's poison

Illustrated notes

Levels and vault maps discovered:
D:1:      lightli_arrival_maybe_door_vault, layout_loops_cross,
          basic_ecumenical_altar
D:2:      layout_rooms, grunt_ministairs_3, kennysheep_small_spiral
D:3:      layout_basic, minmay_misc_feat_four_crosses, grunt_ministairs_9
D:4:      minmay_wonky_spiral, layout_loops_ring, uniq_robin
D:5:      layout_gridville
D:6:      layout_basic, minmay_temple_entry_enclosed_plants, serial_shops,
          nicolae_shop_bloodbath_and_beyond
Temple:   dpeg_five_rooms_temple

Skill      XL: |  1  2  3  4  5  6  7 |
---------------+----------------------+-----
Polearms       | 4 5 6 8 9 10 | 10.4
Evocations     | 1 3 |  3.7
Fighting       | |  3.6
Armour         | |  2.4
Dodging        | |  1.1

Action                     |  1- 3 |  4- 6 |  7- 9 || total
---------------------------+-------+-------+-------++-------
  Melee: Spear             |    71 |       |       ||    71
         Headbutt          |     6 |    22 |     7 ||    35
         Trident           |    30 |   141 |    88 ||   259
  Throw: Dart              |       |     8 |     1 ||     9
  Evoke: Wand              |       |       |     1 ||     1
    Use: Scroll            |       |     4 |     5 ||     9
         Potion            |       |       |     2 ||     2
 Armour: Leather armour    |    45 |    78 |    52 ||   175
  Dodge: Dodged            |    39 |    43 |    37 ||   119
         Repelled          |     1 |     1 |     1 ||     3

Table legend: (Time is in decaauts)
 A = Elapsed time spent in this place.
 B = Non-inter-level travel time spent in this place.
 C = Inter-level travel time spent in this place.
 D = Time resting spent in this place.
 E = Time spent auto-exploring this place.
 F = Levels seen in this place.
 G = Mean time per level.
                   A        B        C        D        E       F      G
               +--------+--------+--------+--------+--------+-----+--------+
         Total |   4762 |   4611 |    151 |    403 |   3540 |   7 |  680.3 |
       Dungeon |   4761 |   4610 |    151 |    403 |   3540 |   6 |  793.5 |
        Temple |      1 |      1 |      0 |      0 |      0 |   1 |    1.0 |
               +--------+--------+--------+--------+--------+-----+--------+

Top non-repeatable levels by time:
     D:4: 1376 daAuts
     D:6: 918 daAuts
     D:3: 722 daAuts
     D:2: 626 daAuts
     D:1: 593 daAuts
     D:5: 523 daAuts
  Temple: 1 daAuts
